 Dungeon Crawl Stone Soup version 0.30.0-30-g96aa6591b8 (webtiles) character file.

Game seed: 11773306610261105694

23 Babbit the Magician (level 2, 0/24 HPs)
             Began as a Troll Hedge Wizard on June 30, 2023.
             Hit by a stone thrown by a gnoll (2 damage)
             ... on level 2 of the Dungeon.
             The game lasted 00:27:54 (805 turns).

Babbit the Magician (Troll Hedge Wizard)             Turns: 805, Time: 00:27:55

Health: 0/24       AC:  4    Str: 17    XL:     2   Next: 75%
Magic:  3/4        EV:  9    Int: 10    God:
Gold:   41         SH:  0    Dex:  9    Spells: 4/5 levels left

rFire   . . .        a - +0 dagger
rCold   . . .        (no shield)
rNeg    . . .        b - +0 robe
rPois   .            c - +0 hat
rElec   .            (no cloak)
rCorr   .            (gloves unavailable)
SInv    .            (boots unavailable)
Will    .....        (no amulet)
Stlth   +            (no ring)
HPRegen 1.04/turn    (no ring)
MPRegen 0.09/turn

%: no passive effects
@: no status effects
A: large, unfitting armour, claws 3, regeneration 1, shaggy fur 1, tough skin 1
a: no special abilities


You were on level 2 of the Dungeon.
You visited 1 branch of the dungeon, and saw 2 of its levels.

You collected 41 gold pieces.

Inventory:

Hand Weapons
 a - a +0 dagger (weapon)
 f - a +0 club
 h - a +0 short sword
 j - a +0 spear
 k - a +0 dagger
 n - a +0 dagger
 s - a +0 dagger
Missiles
 e - 2 throwing nets
 o - 14 stones
 q - 2 boomerangs
Armour
 b - a +0 robe (worn)
 c - a +0 hat (worn)
 g - a +0 chain mail
 l - a +0 robe
Potions
 d - a potion of magic
 i - a potion of degeneration {unknown}
 p - a potion of mutation {unknown}
 r - a potion of lignification {unknown}


   Skills:
 + Level 1.6 Dodging
 + Level 1.1 Stealth
 + Level 2.4 Spellcasting
 + Level 0.9 Conjurations
 + Level 0.6 Summonings
 + Level 0.6 Translocations


You had 4 spell levels left.
You knew the following spells:

 Your Spells              Type           Power      Damage    Failure   Level
a - Magic Dart            Conj           12%        1d3       21%         1

Your spell library contained the following spells:

 Spells                   Type           Power      Damage    Failure   Level
 Slow                     Hex            4%         N/A       30%         1
 Blink                    Tloc           4%         N/A       34%         2
 Call Imp                 Summ           4%         N/A       34%         2
 Cigotuvi's Dreadful Rot  Necr/Pois/Air  2%         N/A       41%         2
 Mephitic Cloud           Conj/Pois/Air  1%         N/A       61%         3


Dungeon Overview and Level Annotations

Branches:
Dungeon (2/15)

Altars:


Innate Abilities, Weirdness & Mutations

You are too large for most types of armour.
You have claws for hands.
Your natural rate of healing is unusually fast.
You are covered in fur. (AC +1)
You have tough skin. (AC +1)


Message History

Casting: Magic Dart (safe; 21% risk of failure)
Confirm with . or Enter, or press ? or * to list all spells.
Aiming: Magic Dart (safe; 21% risk of failure)
Press: ? - help, Shift-Dir - straight line, f - gnoll
Aim: a gnoll, wielding a +0 spear and quivering stones (100% to hit)
The magic dart hits the gnoll.
The gnoll is lightly wounded.
The gnoll throws a stone.
The stone barely misses you.
A gnoll comes into view. It is wielding a +0 flail.
Casting: Magic Dart (safe; 21% risk of failure)
Confirm with . or Enter, or press ? or * to list all spells.
Aiming: Magic Dart (safe; 21% risk of failure)
Press: ? - help, Shift-Dir - straight line, f/p - gnoll
Aim: a gnoll, wielding a +0 spear and quivering stones (lightly wounded, 100% to hit)
The magic dart hits the gnoll.
The gnoll is lightly wounded.
The gnoll hits you from afar with a +0 spear.
The gnoll hits you with a +0 flail! The gnoll hits you with a +0 spear!
* * * LOW HITPOINT WARNING * * *
You closely miss the gnoll. The gnoll completely misses you.
The gnoll hits you with a +0 spear.
* * * LOW HITPOINT WARNING * * *
The gnoll hits you from afar with a +0 spear.
* * * LOW HITPOINT WARNING * * *
You feel better.
The gnoll hits you from afar with a +0 spear.
The gnoll attacks as you move away! The gnoll hits you with a +0 flail!
* * * LOW HITPOINT WARNING * * *
You barely miss the gnoll.
The gnoll hits you from afar with a +0 spear.
* * * LOW HITPOINT WARNING * * *
You hit the gnoll.
The gnoll is moderately wounded.
The gnoll closely misses you.
The gnoll hits you from afar with a +0 spear.
* * * LOW HITPOINT WARNING * * *
You hit the gnoll.
The gnoll is moderately wounded.
The gnoll closely misses you.
The gnoll throws a stone.
The stone hits you.
You die...

.......#†#
..#....#.#
.#####.#.#
...#
#...#######
.#.#
##........###
...#
##.#####†..#
.#.#
#.<.....#.####
.#..#
#######......#
###...
###@##.## ..#.
#g....# ... #
###g#.# ##.
#...# #.
).g.....#
........#
........#
#######.# #.#


You could see 2 gnolls.

Vanquished Creatures
  2 dart slugs
  3 endoplasms
  3 goblins
  2 kobolds (D:1)
  2 quokkas (D:1)
  2 ball pythons (D:1)
  3 frilled lizards
  2 rats
19 creatures vanquished.

Notes
Turn   | Place    | Note
-------+----------+-------------------------------------------
     0 | D:1      | Babbit the Troll Hedge Wizard began the quest for the Orb.
     0 | D:1      | Reached XP level 1. HP: 16/16 MP: 2/2
   253 | D:1      | Reached XP level 2. HP: 19/24 MP: 0/4
   804 | D:2      | HP: 1/24 [gnoll/+0 spear (5)]
   805 | D:2      | Hit by a stone thrown by a gnoll

Illustrated notes

Levels and vault maps discovered:
D:1:      spicycebolla_arrival_risky_transporter, layout_basic,
          hangedman_decor_clover_reticule
D:2:      minmay_razor_zed, layout_rooms

Action                     || total
---------------------------++-------
  Melee: Dagger            ||    76
   Cast: Magic Dart        ||    26
    Use: Scroll            ||     3
         Potion            ||     1
 Armour: Robe              ||    22
  Dodge: Dodged            ||    32
